 Dungeon Crawl Stone Soup version 0.31-a0-14-gc80a10f4b6 (webtiles) character file.

Game seed: 14535277495751027443

278687 BlueFish the Fetichist (level 19, -1/161 HPs)
             Began as a Pale Draconian Conjurer on May 7, 2023.
             Was the Champion of Vehumet.
             Shot with an arrow by a centaur warrior (16 damage)
             ... on level 1 of the Vaults on May 8, 2023.
             The game lasted 02:30:02 (46445 turns).

BlueFish the Fetichist (Pale Draconian Conjurer)   Turns: 46445, Time: 02:30:02

Health: -1/161     AC: 13    Str: 11    XL:     19   Next: 64%
Magic:  27/42      EV: 15    Int: 29    God:    Vehumet [******]
Gold:   1727       SH:  9    Dex: 10    Spells: 3/39 levels left

rFire   . . .        N - staff of conjuration
rCold   . . .        Y - +3 warlock's mirror {omnireflect}
rNeg    + . .        (body armour unavailable)
rPois   .            Z - +0 hat
rElec   .            u - scarf {repulsion}
rCorr   .            (no gloves)
SInv    .            T - +2 pair of boots {Fly}
Will    +....        M - amulet of magic regeneration
Stlth   ++++         b - ring of Modesty {rN+ Int+4 Slay+4}
HPRegen 0.46/turn    c - ring of magical power
MPRegen 0.68/turn

%: repel missiles, reflection
@: flying, very slightly contaminated
A: breathe steam, AC +10, unfitting armour, cold-blooded, steam resistance
}: 2/15 runes: serpentine, barnacled
a: Breathe Steam, Renounce Religion


You were on level 1 of the Vaults.
You worshipped Vehumet.
Vehumet was exalted by your worship.
You visited 7 branches of the dungeon, and saw 32 of its levels.
You visited 1 bazaar.
You also visited: Bailey and Ice Cave.

You collected 3823 gold pieces.
You spent 2096 gold pieces at shops.

Inventory:

Missiles
 O - a throwing net
Armour
 u - a scarf of repulsion (worn)
 w - a +0 cloak of cold resistance
 T - a +2 pair of boots of flying (worn)
 Y - the +3 warlock's mirror (worn) {omnireflect}
   (You acquired it on level 11 of the Dungeon)

   Omnireflect: It can block and reflect piercing ranged attacks and magical
   attacks against the wielder's willpower.
 Z - a +0 hat (worn)
Magical Staves
 N - a staff of conjuration (weapon)
Jewellery
 b - the ring of Modesty (left hand) {rN+ Int+4 Slay+4}
   (You took it off a tengu warrior on level 14 of the Dungeon)

   [ring of positive energy]

   Int:       It affects your intelligence (+4).
   Slay:      It affects your accuracy & damage with ranged weapons and melee
   (+4).
   rN:        It protects you from negative energy.
 c - a ring of magical power (right hand)
 f - a ring of flight
 i - a ring of resist corrosion
 l - a ring of fire
 A - a ring of see invisible
 H - the ring of Zanniemaojeh {rN+ Int+2}
   (You found it in an ice cave)

   [ring of positive energy]

   Int:       It affects your intelligence (+2).
   rN:        It protects you from negative energy.
 K - a ring of poison resistance
 L - a ring of positive energy
 M - an amulet of magic regeneration (around neck)
 U - a ring of protection from cold
Wands
 x - a wand of mindburst (12)
 z - a wand of digging (12)
 D - a wand of polymorph (20)
 F - a wand of paralysis (49)
 I - a wand of quicksilver (11)
 P - a wand of roots (24)
Scrolls
 h - 13 scrolls of enchant weapon
 j - 10 scrolls of enchant armour
 m - 4 scrolls of immolation
 n - 9 scrolls of teleportation
 o - 12 scrolls of fog
 r - 20 scrolls of identify
 s - 5 scrolls of torment
 y - a scroll of butterflies
 B - 6 scrolls of amnesia
 C - 7 scrolls of fear
 J - 3 scrolls of poison
 W - 2 scrolls of blinking
 X - 2 scrolls of magic mapping
Potions
 a - 4 potions of magic
 d - 6 potions of haste
 e - 10 potions of mutation
 g - 6 potions of attraction
 k - 4 potions of heal wounds
 p - 4 potions of resistance
 t - 2 potions of invisibility
 v - 6 potions of flight
 E - 3 potions of lignification
 G - 20 potions of curing
 Q - a potion of cancellation
 R - 10 potions of brilliance
Miscellaneous
 q - a phial of floods
 S - a phantom mirror
 V - a condenser vane


   Skills:
 * Level 12.4 Fighting
 - Level 6.2(7.9) Maces & Flails
 - Level 1.1(4.7) Polearms
 + Level 7.3(8.4) Staves
 + Level 10.5 Dodging
 + Level 11.2 Stealth
 * Level 12.2 Shields
 + Level 10.5 Spellcasting
 + Level 12.0 Conjurations
 * Level 13.3 Fire Magic
 * Level 13.8 Air Magic
 + Level 16.2 Evocations


You had 3 spell levels left.
You knew the following spells:

 Your Spells              Type           Power      Damage    Failure   Level
a - Magic Dart            Conj           100%       1d8       1%          1
b - Fire Storm            Conj/Fire      46%        8d12      99%         9
c - Conjure Ball Lightni  Conj/Air       47%        3x3d16    1%          6
d - Flame Wave            Conj/Fire      93%        2d20      1%          4
e - Sticky Flame          Conj/Fire      93%        2d10      1%          4
f - Airstrike             Air            38%        2d(6-22)  1%          4
g - Plasma Beam           Fire/Air       38%        2x1d56    1%          6
h - Blink                 Tloc           30%        N/A       7%          2

Your spell library contained the following spells:

 Spells                   Type           Power      Damage    Failure   Level
 Ignition                 Fire           37%        3d11      30%         8
 Polar Vortex             Ice            7%         N/A       100%        9
 Foxfire                  Conj/Fire      100%       2x1d9     1%          1
 Momentum Strike          Conj/Tloc      100%       3d10      1%          2
 Scorch                   Fire           100%       2d9       1%          2
 Searing Ray              Conj           100%       2d8       1%          2
 Dazzling Flash           Conj/Hex       100%       N/A       1%          3
 Inner Flame              Hex/Fire       52%        N/A       1%          3
 Vhi's Electric Charge    Tloc/Air       100%       N/A       1%          3
 Apportation              Tloc           30%        N/A       4%          1
 Necrotise                Necr           60%        1d7       4%          1
 Summon Small Mammal      Summ           60%        N/A       4%          1
 Lesser Beckoning         Tloc           30%        N/A       7%          2
 Sublimation of Blood     Necr           15%        N/A       7%          2
 Portal Projectile        Hex/Tloc       30%        N/A       13%         3
 Tukima's Dance           Hex            15%        N/A       13%         3
 Vampiric Draining        Necr           15%        2d7       13%         3
 Fulminant Prism          Conj/Hex       33%        3d16      1%          4
 Iskenderun's Mystic Bla  Conj/Tloc      66%        2d14      1%          4
 Arcjolt                  Conj/Air       47%        1d57      1%          5
 Fireball                 Conj/Fire      46%        3d18      1%          5
 Starburst                Conj/Fire      46%        6d13      1%          6
 Summon Lightning Spire   Summ/Air       53%        N/A       2%          4
 Irradiate                Conj/Tmut      33%        3d22      3%          5
 Iron Shot                Conj/Erth      33%        9d7       16%         6
 Maxwell's Capacitive Co  Air            38%        ∞         24%         8
 Lee's Rapid Deconstruct  Erth           7%         3d7*      30%         5
 Yara's Violent Unravell  Hex/Tmut       7%         3d5       30%         5
 Leda's Liquefaction      Hex/Erth       7%         N/A       41%         4
 Passage of Golubria      Tloc           15%        N/A       41%         4
 Petrify                  Tmut/Erth      15%        N/A       41%         4
 Summon Ice Beast         Ice/Summ       15%        N/A       41%         4
 Agony                    Necr           15%        N/A       77%         5
 Blade Hands              Tmut           7%         N/A       77%         5
 Summon Forest            Summ/Tloc      7%         N/A       77%         5
 Summon Mana Viper        Hex/Summ       15%        N/A       77%         5
 Eringya's Noxious Bog    Tmut/Pois      7%         N/A       82%         6
 Storm Form               Tmut/Air       26%        N/A       91%         7
 Statue Form              Tmut/Erth      10%        N/A       100%        6
 Summon Cactus Giant      Summ           7%         N/A       100%        6
 Dragon Form              Tmut           7%         N/A       100%        7
 Monstrous Menagerie      Summ           7%         N/A       100%        7
 Summon Hydra             Summ           7%         N/A       100%        7
 Borgnjor's Revivificati  Necr           7%         N/A       100%        8
 Necromutation            Tmut/Necr      7%         N/A       100%        8
 Death's Door             Necr           7%         N/A       100%        9
 Animate Armour           Summ/Erth      Unusable   N/A       N/A         4

Dungeon Overview and Level Annotations

Branches:
Dungeon (15/15)            Temple (1/1) D:6            Lair (5/5) D:8
 Shoals (4/4) Lair:2        Snake (4/4) Lair:3        Slime (0/5) Lair:5
    Orc (2/2) D:10            Elf (0/3) Orc:2        Vaults (1/5) D:13
 Depths (0/4) D:15         Bailey (visited)           IceCv (visited)

Altars:
Ashenzari
Cheibriados
Dithmenos
Elyvilon
Fedhas
Gozag
Hepliaklqana
Kikubaaqudgha
Makhleb
Nemelex Xobeh
Okawaru
Qazlal
Ru
Sif Muna
Trog
Uskayaw
Vehumet
Wu Jian
Xom
Yredelemnul
Zin
The Shining One
Jiyva

Shops:
D:1 [   D:10 =   D:11 ?   Orc:2 *[[*   Snake:1 ?   Snake:2 [   Snake:3 ?*(:

Annotations:
Lair:4 exclusion: 3 oklob plants
Lair:5 1 runed translucent door
Shoals:2 2 transporters, exclusion: orange crystal statue
Orc:2 2 runed translucent doors, exclusion: orange crystal statue
Vaults:1 3 runed translucent doors, Feshunla's ghost, adept KoEn


Innate Abilities, Weirdness & Mutations

You can breathe blasts of scalding, opaque steam.
Your pale cyan-grey scales are hard. (AC +10)
You cannot fit into any form of body armour.
You are cold-blooded and may be slowed by cold attacks.
You are immune to the effects of steam.


Message History

The centaur warrior shoots an arrow.
The arrow completely misses you.
The centaur warrior shoots an arrow.
The arrow misses you.
The ironbound preserver gestures wildly while chanting.
The ironbound preserver is healed somewhat.
Your ball lightning explodes!
The blast of lightning engulfs your ball lightning.
Your ball lightning completely resists.
The blast of lightning engulfs the centaur warrior!!
The centaur warrior is heavily wounded.
The blast of lightning engulfs the centaur warrior!!
The centaur warrior is almost dead.
Vehumet accepts your kill.
You feel your power returning.
You feel a bit more experienced. Vehumet accepts your kill.
You feel your power returning.
You feel a bit more experienced.
Your ball lightning explodes!
The blast of lightning engulfs the centaur warrior!
The centaur warrior is severely wounded.
The centaur warrior shoots an arrow.
The arrow closely misses you.
The centaur warrior shoots an arrow.
The arrow barely misses you.
Casting: Conjure Ball Lightning (mildly dangerous; 1% risk of failure)
Confirm with . or Enter, or press ? or * to list all spells.
You feel a surge of power!
You miscast Conjure Ball Lightning.
You are very lightly contaminated with residual magic.
Nothing appears to happen.
The centaur warrior shoots an arrow.
The arrow closely misses you.
The centaur warrior shoots an arrow.
The arrow hits you!!
Casting: Conjure Ball Lightning (mildly dangerous; 1% risk of failure)
Confirm with . or Enter, or press ? or * to list all spells.
You feel a surge of power!
You create some ball lightning! 3 ball lightnings come into view.
The centaur warrior shoots an arrow.
The arrow hits your ball lightning!
Your ball lightning explodes!
The blast of lightning engulfs you!!
* * * LOW HITPOINT WARNING * * *
The centaur warrior shoots an arrow.
The arrow barely misses you.
The centaur warrior shoots an arrow.
The arrow hits you!
* * * LOW HITPOINT WARNING * * *
The centaur warrior shoots an arrow.
The arrow hits you!
You die...

#....c..#..#JG..$#
#c.cc...#..+W.J./:
#.......'..+JJG.[_
#.......#..+J.J.!?
#.......#..#J...)#
#.......#####...##
#.......# ####
#.......#
#.....@*#
#.....*.#
###########
#.......#
#..........
#.......#
#..........
#.......#
#........).
#.......#
#.......)..
#.......#
#......>...
#.......#
#..........
#.......#
#..........


You could see 3 centaur warriors and 2 friendly ball lightnings.

Vanquished Creatures
  Bai Suzhen (Shoals:3)
  Ilsuiw (Shoals:4)
  13 nagarajas (Snake:4)
  A vault warden (Vaults:1)
  An orc warlord (Bailey)
  A stone giant (D:13)
  3 ironbound preservers
  An ironbound thunderhulk (Vaults:1)
  A minotaur (Lair:5)
  Snorg (Orc:1)
  An ettin (D:15)
  7 merfolk javelineers
  8 merfolk impalers
  An entropy weaver (Vaults:1)
  2 ice dragons
  2 vault guards (Vaults:1)
  13 hydras
  6 centaur warriors
  2 alligator snapping turtles
  2 ogre magi (Orc:2)
  2 ironbound frosthearts (Vaults:1)
  A catoblepas (Lair:1)
  9 merfolk aquamancers
  8 merfolk avatars
  A death yak (D:8)
  15 anacondas
  17 two-headed ogres
  14 naga warriors
  3 satyrs (Shoals:4)
  9 tengu warriors
  6 shock serpents
  2 boulder beetles
  13 naga sharpshooters
  A hell knight (D:15)
  Nergalle (D:12)
  A fire crab (Lair:2)
  2 salamander mystics
  6 skysharks
  5 skeletal warriors (D:13)
  19 sea snakes
  7 deep trolls
  A flayed ghost (D:14)
  An ironbound convoker (Vaults:1)
  5 naga ritualists
  2 wizards
  2 lindwurms (Lair:4)
  3 harpies (Shoals:4)
  2 deep elf pyromancers
  6 orc knights
  3 necromancers
  5 mana vipers
  3 wolf spiders (Lair:5)
  12 salamanders
  4 ugly things
  17 manticores
  6 orc sorcerers
  12 cyclopes
  19 fauns
  5 guardian serpents
  2 ice statues (IceCv)
  39 black mambas
  Maurice (D:13)
  17 elephants
  Joseph (D:9)
  6 merfolk sirens
  15 cane toads
  7 gargoyles
  4 water nymphs
  11 naga magi
  2 kobold demonologists
  13 komodo dragons
  Psyche (D:9)
  An unseen horror (D:13)
  3 efreet
  10 rime drakes
  4 tengu conjurers
  17 trolls
  30 merfolk
  3 wind drakes
  3 meliai (Lair:4)
  A queen bee (Lair:4)
  13 polar bears
  A troll (shapeshifter) (D:9)
  A tarantella (shapeshifter) (D:15)
  4 hornets
  7 snapping turtles
  18 dream sheep
  20 blink frogs
  5 raiju (Lair:5)
  18 slime creatures
  5 wraiths
  A shadow (D:10)
  88 yaks
  8 basilisks
  A vampire (D:12)
  2 redbacks (Lair:5)
  21 water elementals
  16 wyverns
  2 steam dragons
  4 vampire mosquitoes (D:11)
  8 wargs
  2 wargs (shapeshifter) (D:14)
  29 nagas
  22 water moccasins
  4 acid dragons
  10 hell hounds (Lair:5)
  A black bear (shapeshifter) (D:14)
  An ice beast (D:6)
  27 orc warriors
  3 sky beasts
  13 black bears
  29 ogres
  30 wolves
  10 centaurs
  A phantom (D:6)
  A kobold brigand (D:7)
  Blork the orc (D:4)
  8 bullfrogs
  10 gnoll sergeants
  A scorpion (Lair:2)
  5 wights (D:7)
  36 killer bees
  5 lindwurm simulacra (IceCv)
  2 howler monkeys
  5 electric eels
  5 komodo dragon simulacra (IceCv)
  A jelly (D:5)
  3 hounds
  9 orc priests
  3 gnoll boudas
  A sleepcap (D:7)
  Jessica (D:3)
  2 iguanas (D:5)
  Ijyb (D:4)
  Natasha (thrice) (D:4)
  9 hell rats
  17 orc wizards
  2 yak simulacra (Lair:2)
  6 polar bear simulacra (Lair:2)
  A wolf simulacrum (Lair:2)
  25 gnolls
  5 acid dragon simulacra (IceCv)
  2 adders
  A river rat (Lair:4)
  A shadow imp (D:7)
  A white imp (D:6)
  An ufetubus (D:5)
  6 steam dragon simulacra (IceCv)
  2 dart slugs
  91 orcs
  7 bats
  4 endoplasms
  7 goblins
  14 hobgoblins
  3 jackals (D:3)
  7 quokkas
  2 ball pythons (D:2)
  3 frilled lizards
  18 kobolds
  4 rats
  2 river rat simulacra (Lair:2)
1278 creatures vanquished.

Vanquished Creatures (collateral kills)
  2 ball lightnings
2 creatures vanquished.

Vanquished Creatures (others)
  The ghost of jasper the Black Sun, a journeyman DrEE of Kikubaaqudgha (Lair:5)
  A swamp drake (D:8)
  An orc wizard (Orc:1)
  An orc (Orc:1)
  34 ball lightnings
  39 fungi
  203 plants
280 creatures vanquished.

Grand Total: 1560 creatures vanquished

Notes
Turn   | Place    | Note
-------+----------+-------------------------------------------
     0 | D:1      | BlueFish the Draconian Conjurer began the quest for the
                  | Orb.
     0 | D:1      | Reached XP level 1. HP: 14/14 MP: 3/3
   112 | D:1      | Found Qeassarch's Antique Armour Shop.
   356 | D:1      | Reached XP level 2. HP: 22/22 MP: 1/5
   814 | D:2      | Found a faded altar of an unknown god.
   924 | D:2      | Reached skill level 1 in Fighting
  1119 | D:2      | Learned a level 2 spell: Searing Ray
  1281 | D:2      | Reached XP level 3. HP: 28/28 MP: 3/6
  1764 | D:3      | Learned a level 3 spell: Dazzling Flash
  1884 | D:3      | Found a sacrificial altar of Ru.
  1942 | D:3      | Reached XP level 4. HP: 35/35 MP: 5/7
  2196 | D:3      | Noticed Jessica
  2199 | D:3      | Killed Jessica
  2464 | D:3      | Found an ancient bone altar of Kikubaaqudgha.
  3026 | D:4      | Found a white marble altar of Elyvilon.
  3162 | D:4      | Found a sparkling altar of Nemelex Xobeh.
  3261 | D:4      | Noticed Ijyb
  3276 | D:4      | Killed Ijyb
  3277 | D:4      | Reached XP level 5. HP: 36/41 MP: 0/9
  3369 | D:4      | Noticed Natasha
  3375 | D:4      | Killed Natasha
  3592 | D:4      | Noticed Natasha
  3595 | D:4      | Killed Natasha
  3671 | D:4      | Noticed Natasha
  3674 | D:4      | Killed Natasha
  3675 | D:4      | Reached XP level 6. HP: 45/50 MP: 5/10
  3841 | D:4      | Noticed Blork the orc
  3865 | D:4      | Killed Blork the orc
  4006 | D:5      | Entered Level 5 of the Dungeon
  4132 | D:5      | Reached skill level 1 in Polearms
  4132 | D:5      | Reached skill level 1 in Evocations
  4499 | D:5      | Reached skill level 5 in Conjurations
  4504 | D:5      | Your scales start taking on a pale cyan-grey colour.
  4504 | D:5      | Reached XP level 7. HP: 25/57 MP: 5/12
  4504 | D:5      | Gained mutation: You are immune to the effects of steam.
                  | [Pale Draconian growth]
  4743 | D:5      | Learned a level 4 spell: Flame Wave
  4868 | D:5      | Reached skill level 1 in Maces & Flails
  4990 | D:6      | Reached skill level 2 in Evocations
  5236 | D:6      | Found a stormy altar of Qazlal.
  5447 | D:6      | Found a staircase to the Ecumenical Temple.
  5455 | D:6      | Reached skill level 1 in Fire Magic
  5496 | Temple   | Entered the Ecumenical Temple
  5504 | Temple   | Became a worshipper of Vehumet
  5696 | D:6      | Reached XP level 8. HP: 66/66 MP: 6/13
  5915 | D:6      | Reached skill level 3 in Evocations
  6809 | D:7      | Reached skill level 4 in Evocations
  7072 | D:7      | Reached * piety under Vehumet
  7072 | D:7      | Offered knowledge of Kiss of Death by Vehumet.
  7226 | D:7      | Reached XP level 9. HP: 72/72 MP: 8/15
  7811 | D:7      | Reached skill level 5 in Evocations
  8164 | D:7      | Identified the +0 chain mail of Distant Worlds {rF+ Will+
                  | Dex+3}
  8329 | D:8      | Reached skill level 5 in Fighting
  8346 | D:8      | Noticed a komodo dragon
  8391 | D:8      | Killed a komodo dragon
  8392 | D:8      | Reached skill level 5 in Stealth
  8392 | D:8      | Reached skill level 5 in Fire Magic
  8612 | D:8      | Found a staircase to the Lair.
  8619 | D:8      | Noticed a komodo dragon
  8624 | D:8      | Killed a komodo dragon
  8625 | D:8      | Reached skill level 6 in Evocations
  8625 | D:8      | Reached XP level 10. HP: 69/81 MP: 11/17
  8845 | D:8      | Offered knowledge of Shock by Vehumet.
  8919 | D:8      | Reached ** piety under Vehumet
  9188 | D:8      | Reached skill level 5 in Dodging
  9188 | D:8      | Reached skill level 5 in Spellcasting
  9254 | D:8      | Reached skill level 5 in Maces & Flails
  9254 | D:8      | Reached skill level 7 in Evocations
  9254 | D:8      | Reached XP level 11. HP: 91/91 MP: 17/19
  9339 | D:8      | Noticed a death yak
  9364 | D:8      | Reached skill level 8 in Evocations
  9388 | D:8      | Killed a death yak
  9792 | D:9      | Noticed Psyche
  9797 | D:9      | Killed Psyche
  9822 | D:9      | Found a glowing silver altar of Zin.
  9899 | D:9      | Learned a level 4 spell: Sticky Flame
  9925 | D:9      | Noticed a brown ugly thing
  9943 | D:9      | Killed a brown ugly thing
 10144 | D:9      | Offered knowledge of Volatile Blastmotes by Vehumet.
 10222 | D:9      | Reached skill level 9 in Evocations
 10392 | D:9      | Noticed Joseph
 10395 | D:9      | Noticed an eight-headed hydra
 10477 | D:9      | Killed a nine-headed hydra
 10559 | D:9      | Noticed an eight-headed hydra
 10582 | D:9      | Reached *** piety under Vehumet
 10985 | D:9      | Killed Joseph
 10986 | D:9      | Reached XP level 12. HP: 96/100 MP: 18/21
 11024 | D:10     | Entered Level 10 of the Dungeon
 11079 | D:10     | Found Wocohuc's Jewellery Boutique.
 11136 | D:10     | Found a flagged portal.
 11145 | Bailey   | Entered a bailey
 11165 | Bailey   | Noticed an orc warlord
 11216 | Bailey   | Offered knowledge of Airstrike by Vehumet.
 11222 | Bailey   | Learned a level 4 spell: Airstrike
 11284 | Bailey   | Found a runed translucent gate.
 11294 | Bailey   | Found a runed translucent gate.
 11296 | Bailey   | Found a runed translucent gate.
 11677 | Bailey   | Killed an orc warlord
 11678 | Bailey   | Reached skill level 1 in Air Magic
 11966 | D:10     | Found a staircase to the Orcish Mines.
 11998 | D:10     | Reached **** piety under Vehumet
 12261 | D:10     | Found a bloodstained altar of Trog.
 12278 | D:10     | Offered knowledge of Lee's Rapid Deconstruction by Vehumet.
 12458 | D:10     | Noticed a centaur warrior
 12520 | D:10     | Killed a centaur warrior
 12853 | D:11     | Noticed a two-headed ogre
 12867 | D:11     | Killed a two-headed ogre
 13063 | D:11     | Reached skill level 10 in Evocations
 13384 | D:11     | Found The Oracle's Delphic Readings.
 13391 | D:11     | Bought a book of Lightning for 476 gold pieces
 13393 | D:11     | Bought a scroll of fog for 56 gold pieces
 13393 | D:11     | Bought a scroll of fog for 56 gold pieces
 13393 | D:11     | Bought a scroll of identify for 28 gold pieces
 13393 | D:11     | Bought a scroll of identify for 28 gold pieces
 13393 | D:11     | Bought a scroll of teleportation for 42 gold pieces
 13393 | D:11     | Bought a scroll of identify for 28 gold pieces
 13393 | D:11     | Bought a scroll of teleportation for 42 gold pieces
 13423 | D:11     | Identified a scroll of acquirement
 13424 | D:11     | Acquired the +3 warlock's mirror {omnireflect}
 13424 | D:11     | Found the +3 warlock's mirror {omnireflect}
 13483 | D:11     | Noticed a two-headed ogre
 13566 | D:11     | Killed a two-headed ogre
 13903 | D:11     | Reached skill level 1 in Shields
 14215 | Lair:1   | Entered Level 1 of the Lair of Beasts
 14225 | Lair:1   | Reached ***** piety under Vehumet
 14225 | Lair:1   | Offered knowledge of Conjure Ball Lightning by Vehumet.
 14241 | Lair:1   | Reached XP level 13. HP: 104/105 MP: 7/23
 14274 | Lair:1   | Reached skill level 5 in Air Magic
 14274 | Lair:1   | Reached XP level 14. HP: 116/116 MP: 16/24
 14282 | Lair:1   | Learned a level 6 spell: Plasma Beam
 14290 | Lair:1   | Learned a level 6 spell: Conjure Ball Lightning
 14995 | Lair:1   | Reached skill level 11 in Evocations
 15361 | Lair:2   | Reached skill level 10 in Fire Magic
 16329 | Lair:2   | Found a staircase to the Shoals.
 17263 | Lair:3   | Found a staircase to the Snake Pit.
 17544 | Lair:3   | Reached skill level 5 in Shields
 18181 | Lair:3   | Offered knowledge of Olgreb's Toxic Radiance by Vehumet.
 18487 | Lair:4   | Reached skill level 12 in Evocations
 18969 | Lair:4   | Reached skill level 1 in Staves
 19188 | Lair:4   | Reached XP level 15. HP: 121/124 MP: 26/26
 20422 | Lair:5   | Entered Level 5 of the Lair of Beasts
 20423 | Lair:5   | Noticed jasper's ghost (journeyman DrEE)
 20553 | Lair:5   | Offered knowledge of Fireball by Vehumet.
 20623 | Lair:5   | HP: 5/125 [eight-headed hydra (5)]
 20629 | Lair:5   | HP: 4/125 [black mamba (4)]
 20634 | Lair:5   | HP: 3/125 [hell hound (3)]
 20843 | Lair:5   | Found a frozen archway.
 20898 | IceCv    | Entered an ice cave
 21797 | IceCv    | Identified the ring of Zanniemaojeh {rN+ Int+2}
 21802 | IceCv    | Identified the amulet of Xigeehe {Spirit Will- Regen+ rCorr
                  | Str+9}
 22514 | Lair:5   | Found a runed translucent gate.
 22514 | Lair:5   | Found a runed translucent gate.
 22514 | Lair:5   | Found a runed translucent gate.
 22548 | Lair:5   | Offered knowledge of Freezing Cloud by Vehumet.
 22549 | Lair:5   | Reached skill level 13 in Evocations
 22761 | Lair:5   | Found a runed translucent door.
 22773 | Lair:5   | Found a viscous altar of Jiyva.
 22775 | Lair:5   | Found a staircase to the Slime Pits.
 23301 | Lair:5   | Reached skill level 10 in Conjurations
 23355 | Lair:5   | Reached skill level 10 in Fighting
 23582 | Lair:5   | Reached XP level 16. HP: 122/134 MP: 21/28
 24195 | Lair:5   | Killed jasper's ghost
 24733 | Orc:1    | Entered Level 1 of the Orcish Mines
 24886 | Orc:1    | Reached ****** piety under Vehumet
 25039 | Orc:2    | Entered Level 2 of the Orcish Mines
 25060 | Orc:2    | Noticed Snorg
 25080 | D:10     | Learned a level 2 spell: Blink
 25325 | Orc:1    | Killed Snorg
 25363 | Orc:2    | Offered knowledge of Starburst by Vehumet.
 25586 | Orc:2    | Reached skill level 10 in Air Magic
 26258 | Orc:2    | Found Hucluenu's Armour Emporium.
 26262 | Orc:2    | Found a runed translucent door.
 26262 | Orc:2    | Found Ethrien's General Store.
 26265 | Orc:2    | Found Zuwef's Assorted Antiques.
 26269 | Orc:2    | Found the +10 tower shield of Ignorance {rN+ Int-4}
 26281 | Orc:2    | Found Gionakk's Antique Armour Shoppe.
 26422 | Orc:2    | Found a staircase to the Elven Halls.
 26595 | Orc:2    | Found a runed translucent door.
 26797 | D:12     | Noticed Nergalle
 26801 | D:12     | Killed Nergalle
 27103 | D:12     | Offered knowledge of Spellforged Servitor by Vehumet.
 27870 | D:13     | Found a gate to the Vaults.
 27898 | D:13     | Found a flickering gateway to a bazaar.
 27916 | Bazaar   | Entered a bazaar
 27920 | Bazaar   | Found Caseul's Weapon Shop.
 27934 | Bazaar   | Found Gibres's Distillery.
 27993 | Bazaar   | Found Jeleofue's General Store.
 28053 | Bazaar   | Found Ocalosm's Distillery.
 28092 | Bazaar   | Bought a potion of magic for 80 gold pieces
 28092 | Bazaar   | Bought 2 potions of brilliance for 80 gold pieces
 28092 | Bazaar   | Bought a potion of heal wounds for 50 gold pieces
 28092 | Bazaar   | Bought a potion of mutation for 80 gold pieces
 28092 | Bazaar   | Bought 2 potions of curing for 60 gold pieces
 28092 | Bazaar   | Bought a potion of heal wounds for 50 gold pieces
 28092 | Bazaar   | Bought a potion of invisibility for 80 gold pieces
 28136 | Bazaar   | Bought a potion of curing for 30 gold pieces
 28136 | Bazaar   | Bought a potion of heal wounds for 50 gold pieces
 28136 | Bazaar   | Bought a potion of resistance for 100 gold pieces
 28136 | Bazaar   | Bought a potion of brilliance for 40 gold pieces
 28136 | Bazaar   | Bought a potion of haste for 100 gold pieces
 28136 | Bazaar   | Bought 2 potions of curing for 60 gold pieces
 28136 | Bazaar   | Bought a potion of invisibility for 80 gold pieces
 28136 | Bazaar   | Bought a potion of heal wounds for 50 gold pieces
 28351 | D:13     | Noticed Maurice
 28353 | D:13     | Killed Maurice
 28561 | D:13     | Reached skill level 14 in Evocations
 29186 | D:14     | Offered knowledge of Ozocubu's Refrigeration by Vehumet.
 29223 | D:14     | Reached XP level 17. HP: 141/141 MP: 30/30
 29428 | D:14     | Identified the ring of Modesty {rN+ Int+4 Slay+4}
 29802 | D:15     | Entered Level 15 of the Dungeon
 30093 | D:15     | Reached skill level 5 in Staves
 30475 | D:15     | Found a radiant altar of Vehumet.
 30616 | D:15     | Found a staircase to the Depths.
 30821 | D:15     | Found a sacrificial altar of Ru.
 31277 | Snake:1  | Entered Level 1 of the Snake Pit
 31277 | Snake:1  | Found Mywabot's Magic Scroll Boutique.
 31555 | Snake:1  | Bought a scroll of blinking for 82 gold pieces
 31555 | Snake:1  | Bought a scroll of fear for 44 gold pieces
 31763 | Snake:1  | Reached skill level 10 in Stealth
 32798 | Snake:1  | Identified the ring "Tuuqap" {Drain MP-9 EV+5 Str+8}
 33213 | Snake:2  | Found the +4 moon troll leather armour {Spirit, Regen++
                  | MP+5}
 33309 | Snake:2  | Reached skill level 10 in Shields
 33883 | Snake:2  | Offered knowledge of Fire Storm by Vehumet.
 33883 | Snake:2  | Offered knowledge of Polar Vortex by Vehumet.
 33883 | Snake:2  | Offered knowledge of Ignition by Vehumet.
 34034 | Snake:2  | Found Kaneajuir's Antique Armour Boutique.
 35306 | Snake:3  | Found Jamemuett's Magic Scroll Emporium.
 35307 | Snake:3  | Found Sima's Antique Weapon Shoppe.
 35307 | Snake:3  | Found Zeyrir's General Store.
 35312 | Snake:3  | Bought a scroll of fear for 56 gold pieces
 35312 | Snake:3  | Bought a scroll of fear for 56 gold pieces
 35312 | Snake:3  | Found Hehi's Antique Weapon Shoppe.
 35315 | Snake:3  | Bought a scroll of blinking for 112 gold pieces
 36485 | Snake:3  | Found Asi Empe's Tremendous Tomes.
 36602 | Snake:4  | Entered Level 4 of the Snake Pit
 36609 | Snake:4  | Reached skill level 15 in Evocations
 36885 | Snake:4  | Reached XP level 18. HP: 151/151 MP: 27/31
 37423 | Snake:4  | Found a transporter.
 37426 | Snake:4  | Found a transporter.
 37430 | Snake:4  | Found a transporter.
 37430 | Snake:4  | Found a transporter.
 37455 | Snake:4  | Found a transporter.
 37455 | Snake:4  | Found a transporter.
 39027 | Snake:4  | Got a serpentine rune of Zot
 39211 | Shoals:1 | Entered Level 1 of the Shoals
 39301 | Shoals:1 | HP: 1/151 [water nymph/the raging water (28)]
 39314 | Shoals:1 | Reached skill level 10 in Spellcasting
 40653 | Shoals:2 | Reached skill level 10 in Dodging
 40949 | Shoals:2 | Identified the +1 great sword of Defence {pain, rPois Will+
                  | Dex+3}
 41554 | Shoals:2 | Found a transporter.
 41572 | Shoals:2 | Found a transporter.
 42148 | Shoals:3 | Reached XP level 19. HP: 89/160 MP: 10/33
 42433 | Shoals:3 | Noticed Bai Suzhen
 42447 | Shoals:3 | Learned a level 9 spell: Fire Storm
 42776 | Shoals:3 | Killed Bai Suzhen
 43050 | Shoals:4 | Entered Level 4 of the Shoals
 43158 | Shoals:4 | Reached skill level 16 in Evocations
 44016 | Shoals:4 | Noticed Ilsuiw
 44242 | Shoals:4 | Killed Ilsuiw
 44691 | Shoals:4 | Identified the amulet of Ythusoesh {Spirit rN+ Slay+3}
 45356 | Shoals:4 | Got a barnacled rune of Zot
 45802 | Vaults:1 | Entered Level 1 of the Vaults
 46424 | Vaults:1 | Found a runed translucent gate.
 46424 | Vaults:1 | Found a runed translucent gate.
 46424 | Vaults:1 | Found a runed translucent gate.
 46424 | Vaults:1 | Noticed Feshunla's ghost (adept KoEn)
 46427 | Vaults:1 | Found a viscous altar of Jiyva.
 46445 | Vaults:1 | Shot with an arrow by a centaur warrior

Illustrated notes

Levels and vault maps discovered:
D:1:      dpeg_arrival_court, layout_loops_ring, serial_shops, shop
D:2:      layout_basic, nicolae_ecumenical_pavilion
D:3:      layout_basic, marbit_many_paths, lemuel_round_altar, uniq_jessica
D:4:      layout_basic, grunt_temple_overflow_open, uniq_blork_the_orc,
          uniq_ijyb, uniq_natasha
D:5:      layout_loops_ring
D:6:      layout_cave_pods, grunt_qazlal_clouds,
          minmay_temple_entry_proselytizer
D:7:      layout_loops_cross, pf_guarded_unrand_woodcutter
D:8:      argonaut_augean_stables, layout_loops_ring, erik_lair_dragon,
          minmay_tree_intersection
D:9:      minmay_curly_fans, layout_loops_ring, zin_statuary, uniq_psyche,
          uniq_joseph
D:10:     layout_long_grid, mainiacjoe_overflow_boulevard, david_orc_5,
          enter_bailey_4, serial_shops, kennysheep_mini_moat, minmay_microvault
D:11:     cheibrodos_statue_roulette, layout_rooms, hex_intersection,
          nicolae_nh_oracle_at_delphi
D:12:     layout_grid_maze, serial_park_tiny_1, drop_trap, uniq_nergalle
D:13:     layout_roguey, skrybe_vaults_entry_preservation, serial_shops,
          bzr_entry_dummy, uniq_maurice
D:14:     cheibrodos_monumental, layout_rooms
D:15:     hangedman_depths_entry_civil_slaughter, layout_cave_pools,
          lemuel_coloured_pillars_altar, nicolae_vehumet_altar_sigil
Temple:   nicolae_temple_no_exploring_needed
Lair:1:   layout_cave_pods
Lair:2:   layout_cave_shapes, elwin_shoals_entry_rooms, serial_bayou_ford_a,
          fungi_pond_lemuel, eino_house_with_fridge, grunt_megastairs_4
Lair:3:   layout_chaotic_city, guppyfry_snake_entry_island,
          grunt_forest_large_clearing_hut
Lair:4:   hangedman_what_comes_after_a, layout_long_grid, patterned_corridor
Lair:5:   hangedman_lair_tendril_chambers, layout_regular_city,
          hangedman_lair_caniforms_friends, slime_entry_2,
          portal_ice_cave_entry_animals_and_master,
          maelrawn_ghost_gauntlet_escape
Shoals:1: layout_shoals, nicolae_shoals_so_close
Shoals:2: gammafunk_sealed_arena, layout_shoals, st_sunken_temple
Shoals:3: layout_shoals, uniq_bai_suzhen
Shoals:4: shoals_end_hangedman, layout_shoals, shoals_ilsuiw_alternative,
          nicolae_shoals_lost_giant_hut
Snake:1:  layout_gridlike, serial_shops, shop, serial_bayou_crossing,
          nicolae_triple_integral, lemuel_fruit_tree
Snake:2:  layout_chambers, serial_shops, shop
Snake:3:  layout_cave_pods, special_room, nicolae_shop_i_like_big_books,
          grunt_megastairs_1, minmay_shoptagon
Snake:4:  grunt_snake_rune_pools, layout_layer_cave, serial_nicolae_subway,
          nicolae_sub_station_crystal, nicolae_sub_station_stone,
          nicolae_sub_station_metal
Orc:1:    layout_caves, mines_bat_river
Orc:2:    st_orc_open, layout_diamond_mine, chequers_guarded_unrand_ignorance,
          uniq_snorg
Vaults:1: gammafunk_ghost_ooze, nicolae_vaults_diamond_1,
          ontoclasm_vaults_misaligned, v_alt_pattern_1,
          nicolae_vaults_weapon_check, ontoclasm_vaults_ring_large, v_misc_32,
          v_misc_30, nicolae_vaults_two_Ls, layout_vaults_omnigrid,
          serial_shops, nicolae_shop_tiny_statue_garden

Skill      XL: |  1  2  3  4  5  6  7  8  9 10 11 12 13 14 15 16 17 18 19 |
---------------+----------------------------------------------------------+-----
Stealth        | 2 3 4 5 6 7 8 9 10 11 | 11.2
Dodging        | 2 3 4 5 6 7 8 9 10 | 10.5
Fighting       | 1 2 3 4 5 6 7 8 9 10 11 12 | 12.4
Spellcasting   | 3 4 5 6 7 8 9 10 | 10.5
Polearms       | 1 |  1.1
Evocations     | 1 2 4 6 7 9 10 12 13 14 15 16 | 16.2
Conjurations   | 5 6 7 8 9 10 11 12 | 12.0
Maces & Flails | 1 3 4 5 6 |  6.2
Fire Magic     | 1 3 5 7 8 9 10 11 12 13 | 13.3
Air Magic      | 4 5 7 9 10 12 13 | 13.8
Shields        | 1 3 5 7 9 10 11 12 | 12.2
Staves         | 1 3 4 5 6 7 |  7.3

Action                     |  1- 3 |  4- 6 |  7- 9 | 10-12 | 13-15 | 16-18 | 19-21 || total
---------------------------+-------+-------+-------+-------+-------+-------+-------++-------
  Melee: Short sword       |    16 |    22 |       |       |       |       |       ||    38
         Tailslap          |       |     3 |     2 |    41 |    25 |    12 |       ||    83
         Unarmed           |       |    15 |       |       |       |       |       ||    15
         Halberd           |       |     4 |       |       |       |       |       ||     4
         Whip              |       |     3 |    17 |     7 |    54 |       |       ||    81
         Punch             |       |       |     1 |       |       |       |       ||     1
         Battleaxe         |       |       |     6 |   174 |       |       |       ||   180
         Staff             |       |       |       |       |    89 |    63 |     8 ||   160
   Cast: Magic Dart        |    43 |    48 |    94 |   165 |   114 |   110 |       ||   574
         Searing Ray       |     2 |    15 |    45 |    33 |     5 |     1 |       ||   101
         Flame Wave        |       |       |     1 |     6 |    38 |    42 |    11 ||    98
         Sticky Flame      |       |       |       |     9 |    45 |    54 |     6 ||   114
         Dazzling Flash    |       |       |       |     4 |       |       |       ||     4
         Airstrike         |       |       |       |    26 |   278 |   268 |    31 ||   603
         Plasma Beam       |       |       |       |       |   119 |   419 |   120 ||   658
         Conjure Ball Ligh |       |       |       |       |     1 |    13 |     4 ||    18
         Blink             |       |       |       |       |       |     2 |     1 ||     3
Ability: Breathe Steam     |       |       |    21 |    52 |    23 |     6 |       ||   102
  Evoke: Wand              |       |       |       |     1 |       |       |       ||     1
    Use: Scroll            |       |       |       |    29 |    13 |     5 |     2 ||    49
         Potion            |       |       |       |     1 |     9 |     7 |       ||    17
   Stab: Sleeping          |       |       |       |     2 |       |       |       ||     2
         Distracted        |       |       |       |     1 |       |       |       ||     1
 Armour: Skin              |     7 |    13 |     8 |    85 |   113 |    57 |    12 ||   295
  Dodge: Dodged            |    17 |    41 |    45 |   177 |   196 |   199 |    75 ||   750
         Repelled          |       |       |       |     5 |     5 |    14 |     1 ||    25
  Block: Buckler           |       |       |       |     4 |   125 |   135 |    40 ||   304
         Reflection        |       |       |       |       |     3 |    51 |    11 ||    65

Table legend: (Time is in decaauts)
 A = Elapsed time spent in this place.
 B = Non-inter-level travel time spent in this place.
 C = Inter-level travel time spent in this place.
 D = Time resting spent in this place.
 E = Time spent auto-exploring this place.
 F = Levels seen in this place.
 G = Mean time per level.
                   A        B        C        D        E       F      G
               +--------+--------+--------+--------+--------+-----+--------+
         Total |  46516 |  43701 |   2815 |   4195 |  30788 |  35 | 1329.0 |
       Dungeon |  18346 |  16807 |   1539 |   1323 |  12418 |  15 | 1223.1 |
        Temple |     15 |     15 |      0 |      0 |      0 |   1 |   15.0 |
          Lair |   9816 |   9334 |    482 |    909 |   6491 |   5 | 1963.2 |
        Shoals |   6233 |   5879 |    354 |    993 |   3744 |   4 | 1558.2 |
     Snake Pit |   7669 |   7296 |    373 |    442 |   5504 |   4 | 1917.2 |
  Orcish Mines |   1761 |   1697 |     64 |    428 |    966 |   2 |  880.5 |
        Vaults |    643 |    643 |      0 |      0 |    386 |   1 |  643.0 |
        Bazaar |    263 |    263 |      0 |      0 |      0 |   1 |  263.0 |
        Bailey |    780 |    780 |      0 |    100 |    501 |   1 |  780.0 |
      Ice Cave |    984 |    984 |      0 |      0 |    777 |   1 |  984.0 |
               +--------+--------+--------+--------+--------+-----+--------+

Top non-repeatable levels by time:
  Lair:5: 2956 daAuts
 Snake:4: 2272 daAuts
  Lair:4: 2075 daAuts
 Snake:3: 2068 daAuts
  Lair:2: 2059 daAuts
     D:8: 1991 daAuts
 Snake:2: 1911 daAuts
Shoals:4: 1840 daAuts
     D:7: 1787 daAuts
Shoals:3: 1766 daAuts
  Lair:3: 1631 daAuts
    D:10: 1567 daAuts
     D:6: 1491 daAuts
 Snake:1: 1417 daAuts
Shoals:1: 1403 daAuts
